Unix NetHack Version 5.0.0-0 post-release - last build May 31 2026 23:59:36 (970b52f25bf058293b47ddfd14a1e40e571c508c,branch:main).

Game began 2026-06-01 09:16:01, ended 2026-06-01 09:24:09.

FutureTim, lawful female human Valkyrie

                       ...
                      .....
                    --o....
                   ..@.....
                   --...|.
                    --.--
                     ---
             -------..----
             .............      ...
             --.---....----... ..............
              |..---%%.---....-...............
           ##--...##--).....)..%.....[.........
             #......*)......%.........---
             --.-----..----.--..---. -
              ---   ----   - |..

FutureTim the Skirmisher    St:18/02 Dx:13 Co:18 In:8 Wi:9 Ch:7  Lawful
Dlvl:5  $:8  HP:0(51) Pw:14(14) AC:6  Xp:5 T:1135 

Latest messages:
 There are several objects here.
 t - a partly used candle (lit).
 There are several objects here.
 You are hit by a dart.
 You kill the gnome!
 The gnome hits!
 You kill the gnome!
 The Uruk-hai picks up 12 darts.
 You miss the Uruk-hai.
 It is hit!
 The Uruk-hai thrusts his orcish short sword.
 The Uruk-hai just misses!
 You hit the Uruk-hai!
 The Uruk-hai thrusts his orcish short sword.
 The Uruk-hai misses!
 You kill the Uruk-hai!
 You hit the Uruk-hai!
 You hear someone reading a scroll of teleportation.
 You kill the Uruk-hai!
 You are hit by a dart.
 You hear a mumbled curse.
 You hit the Uruk-hai!
 You hear a mumbled curse.
 You kill the Uruk-hai!
 You are hit by a poisoned orcish arrow!
 A poisoned orcish arrow misses you.
 There are several objects here.
 You are hit by a crossbow bolt.
 The Uruk-hai swings her orcish bow.
 The Uruk-hai hits!
 You hit the Uruk-hai!
 You hear a mumbled curse.
 You hit the Uruk-hai!
 What do you want to read? [hlr or ?*] r
 As you read the scroll, it disappears.
 You materialize in a different location!
 An aklys misses you.
 The aklys returns to its hand!
 The Uruk-hai wields an aklys!
 The Uruk-hai secures the tether on the aklys.
 The Uruk-hai wields a dwarvish mattock!
 You hit the Uruk-hai!
 The Uruk-hai swings her dwarvish mattock.
 The Uruk-hai hits!
 You die...
 Do you want your possessions identified? [ynq] (y) y
 Do you want to see your attributes? [ynq] (y) y
 Do you want an account of creatures vanquished? [ynaq] (y) y
 Do you want to see your conduct and achievements? [ynq] (y) y
 Do you want to see the dungeon overview? [ynq] (y) y

Inventory:
 Coins    ('$')
  $ - 8 gold pieces
 Weapons  (')')
  q - 6 +0 darts
  b - a +0 dagger (alternate weapon; not wielded)
  a - a +1 spear (weapon in right hand)
 Armor    ('[')
  c - an uncursed +3 small shield (being worn)
 Comestibles  ('%')
  d - 3 uncursed food rations
  o - an uncursed tripe ration
  n - a cursed tripe ration
 Scrolls  ('?')
  l - an uncursed scroll of enchant armor
  h - an uncursed scroll of identify
 Potions  ('!')
  s - an uncursed potion of extra healing
  p - a blessed potion of gain ability
  k - an uncursed potion of hallucination
 Rings    ('=')
  f - an uncursed ring of levitation
 Wands    ('/')
  e - a wand of light (0:10)
 Tools    ('(')
  j - an uncursed skeleton key
  m - a blessed tallow candle
  t - a blessed partly used wax candle (lit)
  i - an uncursed partly used wax candle (lit)

FutureTim the Valkyrie's attributes:

Background:
 You were a Skirmisher, a level 5 human Valkyrie.
 You were lawful, on a mission for Tyr
 who was opposed by Odin (neutral) and Loki (chaotic).
 You were right-handed.
 You were in the Gnomish Mines, on level 5.
 You entered the dungeon 1135 turns ago.
 There was a full moon in effect when your adventure ended.
 You had 257 experience points, 63 more were needed to attain level 6.

Basics:
 You had 0 out of 51 hit points.
 You had all 14 energy points (spell power).
 Your armor class was 6.
 Your wallet contained 8 zorkmids.
 Autopickup was off.

Final Characteristics:
 Your strength was 18/02 (limit:18/100).
 Your dexterity was 13 (limit:18).
 Your constitution was 18 (limit:18).
 Your intelligence was 8 (limit:18).
 Your wisdom was 9 (limit:18).
 Your charisma was 7 (limit:18).

Final Status:
 You weren't hungry.
 You were unencumbered.
 You were wielding a spear.
 You had basic skill with spear.

Final Attributes:
 You were devoutly aligned.
 You were cold resistant.
 You were stealthy.
 You were lucky.
 You are dead.

Miscellaneous:
 You didn't encounter any bones levels.
 Total elapsed playing time was 8 minutes and 7 seconds.

Major events:
 Turn
    1: FutureTim the lawful human Valkyrie entered the dungeon
  653: entered the Gnomish Mines
  738: attained the rank of Skirmisher (level 3)
 1135: killed by an Uruk-hai

You didn't know any spells.

Skills:
 Fighting Skills
   bare handed combat [Unskilled]
   two weapon combat  [Unskilled]
   riding             [Unskilled]
 Weapon Skills
   dagger             [Basic]
   axe                [Unskilled]
   pick-axe           [Unskilled]
   short sword        [Unskilled]
   broadsword         [Unskilled]
   long sword         [Unskilled]
   two-handed sword   [Unskilled]
   saber              [Unskilled]
   hammer             [Unskilled]
   quarterstaff       [Unskilled]
   polearms           [Unskilled]
   spear              [Basic]
   trident            [Unskilled]
   lance              [Unskilled]
   sling              [Unskilled]
 Spellcasting Skills
   attack spells      [Unskilled]
   escape spells      [Unskilled]

Voluntary challenges:
 Character rerolling was not enabled.
 You never genocided any monsters.
 You never polymorphed an object.
 You never changed form.
 You used no wishes.
Achievements:
 You entered a shop.
 You entered the Gnomish Mines.
 You attained the rank of Skirmisher.

 The Dungeons of Doom: levels 1 to 3
    Level 1:
       Some fountains.
    Level 2:
       A scroll shop, a fountain.
       Stairs down to The Gnomish Mines.
    Level 3:
 The Gnomish Mines: levels 3 to 5
    Level 3:
    Level 4:
    Level 5: <- You were here.
       Final resting place for
          you, killed by an Uruk-hai.


Vanquished creatures:
  3 Uruk-hai
  2 gnome leaders
  a little dog
  a dwarf
  a werejackal
 24 gnomes
  2 jackals
  a fox
  5 grid bugs
  2 lichens
  5 newts
47 creatures vanquished.

No species were genocided or became extinct.

Game over:
                       ----------
                      /          \
                     /    REST    \
                    /      IN      \
                   /     PEACE      \
                  /                  \
                  |    FutureTim     |
                  |       8 Au       |
                  |   killed by an   |
                  |     Uruk-hai     |
                  |                  |
                  |                  |
                  |       2026       |
                 *|     *  *  *      | *
        _________)/\\_//(\/(/\)/\//\/|_)_______

Farvel FutureTim the Valkyrie...

You died in The Gnomish Mines on dungeon level 5 with 1256 points,
and 8 pieces of gold, after 1135 moves.
You were level 5 with a maximum of 51 hit points when you died.

